 Dungeon Crawl Stone Soup version 0.24.0-37-gcf1ca852f1 (webtiles) character file.

Game seed: 17234372832189619302, levelgen mode: deterministic

1038 Goreval the Zephyrmancer (level 8, -15/45 HPs)
             Began as a Tengu Air Elementalist on Dec 5, 2019.
             Was a Follower of Qazlal.
             Demolished by a large slime creature (39 damage)
             ... on level 6 of the Dungeon.
             The game lasted 00:20:55 (6941 turns).

Goreval the Zephyrmancer (Tengu Air Elementalist)   Turns: 6941, Time: 00:20:55

Health: -15/45     AC: 12    Str:  8    XL:     8   Next: 24%
Magic:  5/14       EV: 16    Int: 19    God:    Qazlal [*.....]
Gold:   412        SH:  1    Dex: 14    Spells: 7/14 levels left

rFire    + . .     SeeInvis .   w - +8 lance "Wyrmbane" {slay drac, rPois rF+ rC+ AC+3}
rCold    + . .     Gourm    .   (no shield)
rNeg     . . .     Faith    .   a - +0 robe
rPois    +         Spirit   .   (helmet restricted)
rElec    .         Reflect  .   B - scarf {repulsion}
rCorr    .         Harm     .   r - +0 pair of gloves
MR       .....                  (boots unavailable)
Stlth    ++........             (no amulet)
HPRegen  0.15/turn              A - +6 ring of protection
MPRegen  0.14/turn              (no ring)

@: flying quickly and evasively, repel missiles, quick
A: beak, talons 3, able to fly
a: Stop Flying, Renounce Religion


You were on level 6 of the Dungeon.
You worshipped Qazlal.
Qazlal was aware of your devotion.
You were not hungry.

You visited 2 branches of the dungeon, and saw 8 of its levels.

You collected 412 gold pieces.

Inventory:

Hand Weapons
 l - a +0 dagger
 w - the +8 lance "Wyrmbane" (weapon) {slay drac, rPois rF+ rC+ AC+3}
   (You took it off an orc on level 5 of the Dungeon)

   It affects your AC (+3).
   It protects you from fire.
   It protects you from cold.
   It protects you from poison.
 x - a +0 short sword of venom
Missiles
 j - 285 stones (quivered)
Armour
 a - a +0 robe (worn)
 r - a +0 pair of gloves (worn)
 s - a +0 buckler
 B - a scarf of repulsion (worn)
Jewellery
 A - a +6 ring of protection (left hand)
 D - a +4 ring of dexterity {unknown}
Scrolls
 b - 10 scrolls of identify {unknown}
 e - 7 scrolls of remove curse {unknown}
 i - a scroll of enchant weapon {unknown}
 k - 3 scrolls of teleportation {unknown}
 m - 4 scrolls of blinking {unknown}
 q - 2 scrolls of magic mapping {unknown}
 t - a scroll of fog {unknown}
 y - a scroll of fear {unknown}
Potions
 d - a potion of berserk rage {unknown}
 f - a potion of magic {unknown}
 g - 3 potions of curing {unknown}
 h - 4 potions of heal wounds {unknown}
 n - a potion of ambrosia {unknown}
 o - a potion of agility {unknown}
 p - a potion of invisibility {unknown}
 u - a potion of haste {unknown}
 v - 2 potions of lignification {unknown}
 z - 2 potions of flight {unknown}
Comestibles
 c - 4 rations


   Skills:
 + Level 2.6 Fighting
 + Level 1.2 Polearms
 + Level 3.9 Dodging
 - Level 2.0 Stealth
 + Level 3.8 Spellcasting
 * Level 6.7 Conjurations
 * Level 8.0 Air Magic


You had 7 spell levels left.
You knew the following spells:

 Your Spells              Type           Power        Failure   Level  Hunger
a - Shock                 Conj/Air       ####         1%          1    None
b - Airstrike             Air            ####......   5%          4    ####...
k - Swiftness             Chrm/Air       ###.....     4%          2    ##.....

Your spell library contained the following spells:

 Spells                   Type           Power        Failure   Level  Hunger
 Static Discharge         Conj/Air       ####....     1%          3    ###....
 Lightning Bolt           Conj/Air       ####......   19%         5    ######.


Dungeon Overview and Level Annotations

Branches:
Dungeon (7/15)             Temple (1/1) D:4

Altars:
Cheibriados
Dithmenos
Gozag
Kikubaaqudgha
Nemelex Xobeh
Okawaru
Qazlal
Ru
Sif Muna
Trog
Vehumet
Wu Jian
Yredelemnul
Zin
The Shining One


Innate Abilities, Weirdness & Mutations

You have a beak for a mouth.
You have claws for feet.
You can fly continuously.


Message History

The slime creature misses you.
The zap hits the slime creature.
The zap hits the jelly!
You kill the jelly!
Qazlal accepts your kill.
The zap hits the slime creature. x3; You block the slime creature's attack.
The zap hits the slime creature. x2; The zap hits the ooze!
The zap hits the ooze.
You kill the ooze!
Qazlal accepts your kill.
Your Air Magic skill increases to level 8!
The zap hits the slime creature. x2
Two slime creatures merge to form a large slime creature.
The zap hits the large slime creature!
The zap hits the large slime creature.
The zap hits the large slime creature! x2
The large slime creature closely misses you.
The zap hits the large slime creature. x2; The large slime creature hits you!!
The zap hits the large slime creature.
The zap hits the large slime creature!
The large slime creature hits you!!!
Ouch! That really hurt!
You die...

.....#'....#
###########.......##
#....'#....#
$..÷...P.##.......#
'....#+....#
....÷....##.......#
#....##...<#
JP..JP.P.##.......#
#....##....#
.JJP.....##.......#
#....###'###
÷P.P.P÷J.##########
#....# #.#
.P.J.÷...# ###'##
#.# #######'# ###..#
#.# ##..@J.)##
..)#.###.#
#.########
...'...#.#
##..'....#
...##..#.# ####....#
..)'...#.# #.......#
...#÷#.#.# #.......#
...#.....# #.......#
...###...# #.......#
...####..# ##.....##


You could see a large slime creature.

Vanquished Creatures
  A sky beast (D:5)
  A black bear (D:6)
  An ice beast (D:5)
  2 centaurs
  2 big kobolds (D:6)
  2 howler monkeys
  A crimson imp (D:5)
  2 jellies (D:6)
  An orc priest (D:3)
  A centaur skeleton (D:4)
  An orc wizard (D:5)
  An iguana (D:4)
  3 worker ants
  6 adders
  5 oozes
  A dart slug (D:1)
  3 leopard geckos
  13 orcs
  7 giant cockroaches
  7 hobgoblins
  9 jackals
  2 quokkas (D:3)
  5 bats
  4 frilled lizards
  6 goblins
  6 kobolds
  A leopard gecko skeleton (D:4)
  6 rats
100 creatures vanquished.

Vanquished Creatures (others)
  6 toadstools (D:6)
6 creatures vanquished.

Grand Total: 106 creatures vanquished

Notes
Turn   | Place    | Note
-------+----------+-------------------------------------------
     0 | D:1      | Goreval the Tengu Air Elementalist began the quest for the
                  | Orb.
     0 | D:1      | Reached XP level 1. HP: 10/10 MP: 4/4
   227 | D:1      | Reached XP level 2. HP: 15/15 MP: 4/6
   912 | D:1      | Learned a level 2 spell: Swiftness
  1096 | D:2      | Reached XP level 3. HP: 19/19 MP: 4/7
  1401 | D:2      | Reached skill level 5 in Air Magic
  1456 | D:2      | Reached XP level 4. HP: 16/24 MP: 1/8
  1550 | D:2      | Learned a level 4 spell: Airstrike
  1943 | D:3      | HP: 1/24 [orc priest/divine providence (11)]
  1946 | D:3      | Gained mutation: You can fly continuously. [Tengu growth]
  1946 | D:3      | Reached XP level 5. HP: 1/28 MP: 1/9
  2539 | D:3      | Found a faded altar of an unknown god.
  2614 | D:3      | Found a shimmering blue altar of Sif Muna.
  3374 | D:4      | Reached skill level 1 in Fighting
  3374 | D:4      | Reached skill level 6 in Air Magic
  3374 | D:4      | Reached XP level 6. HP: 28/34 MP: 1/11
  3704 | D:5      | Entered Level 5 of the Dungeon
  3707 | D:4      | Found a staircase to the Ecumenical Temple.
  3716 | Temple   | Entered the Ecumenical Temple
  3858 | Temple   | Became a worshipper of Qazlal Stormbringer
  4202 | D:5      | Found a glowing golden altar of the Shining One.
  4204 | D:5      | Noticed an angel
  4470 | D:5      | Found a basalt altar of Yredelemnul.
  4472 | D:5      | Noticed a profane servitor
  4504 | D:5      | Reached skill level 5 in Conjurations
  4660 | D:5      | Found an iron altar of Okawaru.
  4693 | D:5      | Reached XP level 7. HP: 22/39 MP: 5/12
  5287 | D:5      | Reached skill level 7 in Air Magic
  6217 | D:6      | Found an opulent altar of Gozag.
  6468 | D:6      | Reached XP level 8. HP: 45/45 MP: 6/14
  6668 | D:6      | Reached skill level 1 in Polearms
  6846 | D:6      | Noticed a slime creature
  6846 | D:6      | Noticed a slime creature
  6895 | D:6      | Reached * piety under Qazlal
  6937 | D:6      | Reached skill level 8 in Air Magic
  6941 | D:6      | Demolished by a large slime creature

Levels and vault maps discovered:
D:1:      erik_arrival_triangle_medium, layout_rooms, serial_curves,
          eino_curves_04, eino_curves_02, eino_curves_04, eino_curves_04,
          chequers_hall_statues_wall_a, hangedman_decor_clover_reticule,
          hangedman_abyss_or_decor_lesser_grid, hangedman_decor_opposing,
          chequers_jeans, minmay_worlds_worst_comb
D:2:      layout_basic
D:3:      layout_basic, old_standard_altar, first_ration,
          chequers_ecumenical_altar_twisty, minmay_misc_feat_rugged
D:4:      layout_loops_ring, temple_fountains
D:5:      layout_cave_pods, grunt_temple_overflow_holy_war,
          okawaru_ov_weapons_minmay, grunt_decor_clamped
D:6:      cheibrodos_fertilizer, layout_basic, grunt_gozag_breadcrumbs,
          lemuel_old_faithful
D:7:      layout_basic, kennysheep_mini
Temple:   eino_temple_lava

Skill      XL: |  1  2  3  4  5  6  7  8 |
---------------+-------------------------+-----
Conjurations   | 2 3 4 5 6 |  6.7
Air Magic      | 5 6 7 8 |  8.0
Fighting       | 1 2 |  2.6
Spellcasting   | 3 |  3.8
Dodging        | 3 |  3.9
Polearms       | 1 |  1.2
Stealth        | |  2.0

Action                   |  1- 3 |  4- 6 |  7- 9 || total
-------------------------+-------+-------+-------++-------
Melee: Lance             |       |       |     6 ||     6
       Kick              |       |       |     1 ||     1
 Cast: Shock             |    60 |   107 |    81 ||   248
       Airstrike         |       |       |     3 ||     3
 Abil: Fly               |       |     1 |       ||     1
 Stab: Sleeping          |       |       |     1 ||     1
  Eat: Chunk             |     2 |    10 |     4 ||    16
       Ration            |       |       |     1 ||     1
Armor: Robe              |     1 |     2 |     8 ||    11
Dodge: Dodged            |     9 |    35 |    30 ||    74
       Deflected         |       |       |     1 ||     1
Block: Other             |       |       |     1 ||     1
